3324 views
Uploaded 2020-09-29 16:46:03
Game version 1.32.8
21:34 long 4on4 custom game on (8)Sanctuary_LV
Game name "w3c-20-hrjaxpkxtX"
Saved by RTGOD
3324 views
Uploaded 2020-09-29 16:46:03
Game version 1.32.8
21:34 long 4on4 custom game on (8)Sanctuary_LV
Game name "w3c-20-hrjaxpkxtX"


175 units @ 24.3k
/ 3.7k
76 buildings @ 13.4k
/ 5.8k



| Rod of Necromancy | 4 | 600 |
| Sacrificial Skull | 2 | 100 |
| Potion of Mana | 6 | 1200 |
| Orb of Corruption | 1 | 375 |
| Potion of Healing | 1 | 150 |
| Scroll of Town Portal | 3 | 1050 |
| Scroll of Healing | 1 | 250 |
| Potion of Lesser Invulnerability | 1 | 150 |
| total: | 19 | 3875g |
| Acolyte | 12 | 900 | / | 0 |
| Ghoul | 3 | 360 | / | 0 |
| Crypt Fiend | 11 | 2365 | / | 440 |
| Obsidian Statue | 11 | 2200 | / | 385 |
| Frost Wyrm | 2 | 770 | / | 240 |
| total: | 39 | 6595g | / | 1065w |
| Spirit Tower | 2 | 290 | / | 80 |
| Crypt | 1 | 200 | / | 50 |
| Graveyard | 1 | 215 | / | 0 |
| Altar of Darkness | 1 | 180 | / | 50 |
| Ziggurat | 8 | 1200 | / | 400 |
| Tomb of Relics | 1 | 130 | / | 30 |
| Necropolis | 1 | 225 | / | 0 |
| Slaughterhouse | 1 | 140 | / | 135 |
| Sacrificial Pit | 1 | 75 | / | 150 |
| Boneyard | 1 | 175 | / | 200 |
| Halls of the Dead | 1 | 320 | / | 210 |
| Black Citadel | 1 | 325 | / | 230 |
| total: | 16 | 2540g | / | 1015w |
| 0:03 | Acolyte |
| 0:07 | Crypt |
| 0:10 | Graveyard |
| 0:18 | Acolyte |
| 0:42 | Altar of Darkness |
| 0:58 | Ziggurat |
| 1:09 | Ghoul |
| 1:35 | Tomb of Relics |
| 1:50 | Crypt Fiend |
| 2:02 | Ziggurat |
| 2:23 | Crypt Fiend |
| 2:47 | Rod of Necromancy |
| 2:48 | Sacrificial Skull |
| 2:52 | Death Coil |
| 3:04 | Crypt Fiend |
| 3:49 | Rod of Necromancy |
| 3:50 | Halls of the Dead |
| 3:59 | Unholy Aura |
| 4:29 | Crypt Fiend |
| 4:30 | Ziggurat |
| 4:48 | Ghoul |
| 4:49 | Cannibalize |
| 4:57 | Creature Attack |
| 5:52 | Death Coil |
| 5:53 | Crypt Fiend |
| 6:16 | Black Citadel |
| 6:30 | Slaughterhouse |
| 6:42 | Ziggurat |
| 7:12 | Web |
| 7:14 | Rod of Necromancy |
| 7:14 | Potion of Mana |
| 7:14 | Potion of Mana |
| 7:15 | Frost Nova |
| 7:21 | Sacrificial Skull |
| 8:21 | Obsidian Statue |
| 8:37 | Acolyte |
| 8:37 | Acolyte |
| 8:38 | Destroyer Form |
| 8:55 | Acolyte |
| 9:12 | Obsidian Statue |
| 9:16 | Dark Ritual |
| 9:21 | Necropolis |
| 9:23 | Unholy Aura |
| 9:28 | Ziggurat |
| 9:57 | Orb of Corruption |
| 10:06 | Acolyte |
| 10:08 | Impale |
| 10:27 | Obsidian Statue |
| 10:50 | Ghoul |
| 11:01 | Obsidian Statue |
| 11:01 | Crypt Fiend |
| 11:02 | Spirit Tower |
| 11:04 | Acolyte |
| 11:04 | Acolyte |
| 11:04 | Acolyte |
| 11:04 | Acolyte |
| 11:05 | Acolyte |
| 11:06 | Spirit Tower |
| 11:15 | Scroll of Town Portal |
| 11:28 | Frost Nova |
| 12:02 | Crypt Fiend |
| 12:02 | Obsidian Statue |
| 12:46 | Potion of Healing |
| 12:47 | Potion of Mana |
| 12:51 | Rod of Necromancy |
| 12:57 | Ziggurat |
| 12:58 | Acolyte |
| 13:45 | Sacrificial Pit |
| 13:46 | Improved Creature Attack |
| 13:56 | Obsidian Statue |
| 14:30 | Crypt Fiend |
| 14:59 | Crypt Fiend |
| 15:00 | Obsidian Statue |
| 15:00 | Boneyard |
| 15:07 | Advanced Creature Attack |
| 15:19 | Scroll of Town Portal |
| 15:33 | Potion of Mana |
| 16:00 | Obsidian Statue |
| 16:16 | Crypt Fiend |
| 16:16 | Obsidian Statue |
| 17:21 | Frost Wyrm |
| 17:34 | Scroll of Town Portal |
| 17:35 | Potion of Mana |
| 18:06 | Creature Carapace |
| 18:34 | Potion of Mana |
| 18:34 | Spiked Carapace |
| 18:40 | Scroll of Healing |
| 18:41 | Potion of Lesser Invulnerability |
| 19:21 | Obsidian Statue |
| 20:10 | Improved Creature Carapace |
| 20:11 | Ziggurat |
| 20:13 | Ziggurat |
| 21:03 | Death Coil |
| 21:06 | Dark Ritual |
| 21:48 | Obsidian Statue |
| 21:48 | Crypt Fiend |
| 21:50 | Frost Wyrm |
| 21:53 | Impale |
| 22:16 | Frost Nova |
| Right click | 1615 |
| Select group | 1520 |
| Select | 725 |
| Build/train/purchase | 223 |
| Misc. action | 174 |
| Use ability | 167 |
| Assign group | 103 |
| Item give/drop | 14 |
| Esc | 3 |
| Chat | 3 |
| Minimap ping | 2 |



| Scroll of Regeneration | 3 | 300 |
| Lesser Clarity Potion | 1 | 70 |
| Staff of Sanctuary | 1 | 250 |
| Scroll of Healing | 1 | 250 |
| Scroll of Town Portal | 4 | 1400 |
| Potion of Lesser Invulnerability | 1 | 150 |
| Scroll of Protection | 1 | 150 |
| total: | 12 | 2570g |
| Peasant | 17 | 1275 | / | 0 |
| Footman | 5 | 675 | / | 0 |
| Flying Machine | 9 | 900 | / | 270 |
| Priest | 8 | 1080 | / | 80 |
| Knight | 7 | 1715 | / | 420 |
| Goblin Shredder | 2 | 750 | / | 200 |
| total: | 48 | 6395g | / | 970w |
| Scout Tower | 1 | 30 | / | 20 |
| Arcane Tower | 1 | 70 | / | 50 |
| Altar of Kings | 1 | 180 | / | 50 |
| Farm | 10 | 800 | / | 200 |
| Barracks | 1 | 160 | / | 60 |
| Town Hall | 5 | 1925 | / | 1025 |
| Lumber Mill | 1 | 120 | / | 0 |
| Blacksmith | 1 | 140 | / | 60 |
| Arcane Vault | 1 | 130 | / | 30 |
| Workshop | 2 | 280 | / | 280 |
| Arcane Sanctum | 1 | 150 | / | 140 |
| Keep | 2 | 640 | / | 420 |
| Castle | 1 | 360 | / | 210 |
| total: | 24 | 3915g | / | 1865w |
| 0:01 | Peasant |
| 0:01 | Peasant |
| 0:07 | Altar of Kings |
| 0:08 | Farm |
| 0:19 | Barracks |
| 0:23 | Peasant |
| 0:41 | Peasant |
| 0:47 | Farm |
| 0:54 | Peasant |
| 1:02 | Peasant |
| 1:17 | Peasant |
| 1:22 | Footman |
| 1:33 | Peasant |
| 1:43 | Footman |
| 1:54 | Farm |
| 2:01 | Peasant |
| 2:12 | Peasant |
| 2:13 | Summon Water Elemental |
| 2:59 | Town Hall |
| 3:14 | Footman |
| 3:14 | Peasant |
| 3:20 | Farm |
| 3:23 | Scout Tower |
| 3:26 | Brilliance Aura |
| 3:41 | Peasant |
| 3:43 | Lumber Mill |
| 3:59 | Farm |
| 4:01 | Peasant |
| 4:20 | Peasant |
| 4:23 | Peasant |
| 4:36 | Keep |
| 4:52 | Summon Water Elemental |
| 4:54 | Footman |
| 4:56 | Farm |
| 4:59 | Blacksmith |
| 5:30 | Arcane Tower |
| 5:34 | Arcane Vault |
| 5:36 | Peasant |
| 5:45 | Improved Masonry |
| 5:48 | Farm |
| 5:59 | Goblin Shredder |
| 5:59 | Goblin Shredder |
| 6:02 | Footman |
| 6:37 | Iron Forged Swords |
| 6:45 | Scroll of Regeneration |
| 6:47 | Lesser Clarity Potion |
| 6:58 | Castle |
| 7:02 | Workshop |
| 7:07 | Improved Lumber Harvesting |
| 7:17 | Workshop |
| 7:20 | Arcane Sanctum |
| 7:36 | Farm |
| 7:42 | Brilliance Aura |
| 7:51 | Scroll of Healing |
| 7:51 | Potion of Lesser Invulnerability |
| 8:18 | Scroll of Protection |
| 8:22 | Flak Cannons |
| 8:23 | Black Gunpowder |
| 8:48 | Flying Machine |
| 8:52 | Farm |
| 8:53 | Priest |
| 8:54 | Priest Adept Training |
| 8:56 | Scroll of Regeneration |
| 8:57 | Scroll of Town Portal |
| 9:03 | Storm Bolt |
| 9:06 | Flying Machine |
| 9:11 | Advanced Masonry |
| 9:18 | Priest |
| 9:20 | Knight |
| 9:20 | Animal War Training |
| 9:22 | Flying Machine |
| 9:23 | Priest |
| 10:25 | Scroll of Town Portal |
| 10:35 | Priest Master Training |
| 10:36 | Flying Machine Bombs |
| 10:47 | Holy Light |
| 10:52 | Staff of Sanctuary |
| 11:05 | Knight |
| 11:05 | Knight |
| 11:26 | Priest |
| 11:27 | Flying Machine |
| 11:46 | Knight |
| 11:50 | Flying Machine |
| 12:39 | Knight |
| 13:14 | Town Hall |
| 13:50 | Scroll of Town Portal |
| 14:18 | Farm |
| 15:06 | Knight |
| 15:07 | Priest |
| 15:13 | Scroll of Town Portal |
| 15:14 | Scroll of Regeneration |
| 15:46 | Flying Machine |
| 15:47 | Priest |
| 15:48 | Knight |
| 16:45 | Town Hall |
| 17:09 | Thunder Clap |
| 18:33 | Summon Water Elemental |
| 19:09 | Town Hall |
| 21:05 | Priest |
| 21:06 | Flying Machine |
| 21:21 | Flying Machine |
| 21:29 | Peasant |
| 21:38 | Flying Machine |
| 22:06 | Town Hall |
| 22:19 | Priest |
| Select group | 1477 |
| Right click | 1439 |
| Select | 475 |
| Assign group | 155 |
| Build/train/purchase | 130 |
| Use ability | 23 |
| Minimap ping | 14 |
| Resource trade | 8 |
| Chat | 7 |
| Misc. action | 5 |
| Item give/drop | 5 |
| Remove unit | 1 |

| Healing Salve | 3 | 300 |
| Scroll of Speed | 2 | 100 |
| Lesser Clarity Potion | 2 | 140 |
| Orb of Lightning | 1 | 375 |
| Tiny Great Hall | 1 | 600 |
| Scroll of Town Portal | 6 | 2100 |
| Scroll of Healing | 1 | 250 |
| Potion of Lesser Invulnerability | 1 | 150 |
| total: | 17 | 4015g |
| Peon | 17 | 1275 | / | 0 |
| Troll Headhunter | 11 | 1540 | / | 220 |
| Troll Berserker | 14 | 1960 | / | 280 |
| Troll Witch Doctor | 7 | 1015 | / | 175 |
| Shaman | 6 | 780 | / | 120 |
| Kodo Beast | 3 | 765 | / | 180 |
| total: | 58 | 7335g | / | 975w |
| Orc Burrow | 6 | 960 | / | 240 |
| Altar of Storms | 1 | 180 | / | 50 |
| War Mill | 1 | 205 | / | 0 |
| Barracks | 1 | 180 | / | 50 |
| Voodoo Lounge | 2 | 260 | / | 60 |
| Great Hall | 1 | 385 | / | 185 |
| Spirit Lodge | 2 | 300 | / | 300 |
| Beastiary | 1 | 145 | / | 140 |
| Stronghold | 1 | 315 | / | 190 |
| Fortress | 1 | 325 | / | 190 |
| total: | 15 | 2615g | / | 1025w |
| 0:01 | Peon |
| 0:07 | Peon |
| 0:07 | Peon |
| 0:18 | Orc Burrow |
| 0:32 | Altar of Storms |
| 0:45 | Peon |
| 0:47 | War Mill |
| 0:57 | Peon |
| 1:07 | Barracks |
| 1:15 | Peon |
| 1:32 | Peon |
| 1:38 | Orc Burrow |
| 1:50 | Peon |
| 2:09 | Troll Headhunter |
| 2:15 | Voodoo Lounge |
| 2:30 | Endurance Aura |
| 2:33 | Troll Headhunter |
| 2:40 | Troll Headhunter |
| 3:07 | Troll Headhunter |
| 3:38 | Troll Headhunter |
| 3:46 | Great Hall |
| 4:13 | War Stomp |
| 4:14 | Healing Salve |
| 4:31 | Stronghold |
| 4:41 | Orc Burrow |
| 4:57 | Troll Headhunter |
| 5:01 | Healing Salve |
| 5:03 | Scroll of Speed |
| 5:30 | Troll Headhunter |
| 5:30 | Steel Ranged Weapons |
| 6:27 | Troll Headhunter |
| 6:28 | Peon |
| 6:28 | Peon |
| 6:28 | Peon |
| 6:28 | Peon |
| 6:30 | Peon |
| 6:30 | Peon |
| 6:55 | Fortress |
| 7:02 | Spirit Lodge |
| 7:15 | Beastiary |
| 7:16 | Peon |
| 7:23 | Lesser Clarity Potion |
| 7:25 | Healing Salve |
| 7:40 | Troll Headhunter |
| 7:41 | Thorium Ranged Weapons |
| 8:15 | Troll Headhunter |
| 8:17 | Witch Doctor Adept Training |
| 8:18 | Spirit Lodge |
| 9:01 | Troll Headhunter |
| 9:15 | War Stomp |
| 9:18 | Berserker Upgrade |
| 9:25 | Witch Doctor Master Training |
| 9:27 | Shaman Adept Training |
| 9:30 | Shaman Master Training |
| 10:01 | War Drums Damage Increase |
| 10:35 | Troll Berserker |
| 10:37 | Troll Witch Doctor |
| 10:38 | Shaman |
| 10:49 | Scroll of Town Portal |
| 10:55 | Troll Berserker |
| 10:57 | Kodo Beast |
| 11:09 | Scroll of Town Portal |
| 11:16 | Orc Burrow |
| 11:17 | Orc Burrow |
| 11:20 | Potion of Lesser Invulnerability |
| 11:20 | Scroll of Healing |
| 11:29 | Troll Berserker |
| 11:31 | Troll Witch Doctor |
| 11:44 | Orc Burrow |
| 12:35 | Troll Berserker |
| 12:36 | Shaman |
| 12:36 | Troll Witch Doctor |
| 12:37 | Kodo Beast |
| 12:54 | Troll Berserker |
| 13:18 | Scroll of Town Portal |
| 13:19 | Orb of Lightning |
| 13:22 | Lesser Clarity Potion |
| 13:23 | Scroll of Speed |
| 13:32 | Troll Witch Doctor |
| 13:39 | Troll Berserker |
| 14:17 | Troll Berserker |
| 14:19 | Shaman |
| 14:19 | Troll Witch Doctor |
| 14:20 | Steel Armor |
| 14:24 | Endurance Aura |
| 15:21 | Scroll of Town Portal |
| 15:26 | Troll Berserker |
| 15:26 | Arcanite Ranged Weapons |
| 15:29 | Voodoo Lounge |
| 16:35 | Troll Berserker |
| 16:38 | Troll Witch Doctor |
| 16:38 | Shaman |
| 17:47 | Tiny Great Hall |
| 18:15 | Scroll of Town Portal |
| 18:40 | Troll Berserker |
| 18:41 | Scroll of Town Portal |
| 18:45 | Troll Berserker |
| 18:47 | Peon |
| 18:47 | Peon |
| 20:09 | Troll Berserker |
| 20:10 | Troll Berserker |
| 20:11 | Shaman |
| 21:08 | War Stomp |
| 22:16 | Reincarnation |
| 22:17 | Troll Berserker |
| 22:18 | Kodo Beast |
| 22:18 | Troll Witch Doctor |
| 22:18 | Shaman |
| Right click | 1204 |
| Select group | 487 |
| Select | 473 |
| Build/train/purchase | 136 |
| Chat | 67 |
| Use ability | 59 |
| Assign group | 55 |
| Misc. action | 48 |
| Minimap ping | 27 |
| Resource trade | 16 |
| Esc | 4 |
| Item give/drop | 1 |
| Remove unit | 1 |


| Staff of Preservation | 1 | 150 |
| Orb of Venom | 1 | 325 |
| Lesser Clarity Potion | 4 | 280 |
| Anti-magic Potion | 1 | 100 |
| Scroll of Town Portal | 4 | 1400 |
| total: | 11 | 2255g |
| Wisp | 20 | 1200 | / | 0 |
| Archer | 3 | 390 | / | 30 |
| Mountain Giant | 5 | 1750 | / | 500 |
| Goblin Shredder | 1 | 375 | / | 100 |
| Assassin | 1 | 250 | / | 30 |
| total: | 30 | 3965g | / | 660w |
| Ancient of War | 1 | 150 | / | 60 |
| Moon Well | 9 | 1620 | / | 360 |
| Altar of Elders | 1 | 180 | / | 50 |
| Ancient of Wonders | 2 | 180 | / | 60 |
| Tree of Life | 5 | 1700 | / | 925 |
| Hunter's Hall | 1 | 210 | / | 100 |
| Ancient of Lore | 2 | 310 | / | 290 |
| Tree of Ages | 1 | 320 | / | 180 |
| Tree of Eternity | 1 | 330 | / | 200 |
| total: | 21 | 4350g | / | 1845w |
| 0:01 | Wisp |
| 0:01 | Wisp |
| 0:19 | Ancient of War |
| 0:22 | Wisp |
| 0:31 | Moon Well |
| 0:33 | Wisp |
| 0:40 | Altar of Elders |
| 0:54 | Wisp |
| 1:05 | Wisp |
| 1:18 | Moon Well |
| 1:25 | Archer |
| 1:30 | Wisp |
| 1:43 | Archer |
| 1:59 | Ancient of Wonders |
| 2:01 | Wisp |
| 2:10 | Archer |
| 2:11 | Wisp |
| 2:27 | Wisp |
| 2:42 | Force of Nature |
| 3:13 | Tree of Life |
| 3:24 | Tree of Ages |
| 4:17 | Moon Well |
| 4:28 | Entangling Roots |
| 5:00 | Goblin Shredder |
| 5:22 | Wisp |
| 5:22 | Wisp |
| 5:26 | Entangling Roots |
| 5:29 | Hunter's Hall |
| 5:46 | Tree of Eternity |
| 5:48 | Ancient of Wonders |
| 6:01 | Wisp |
| 6:01 | Wisp |
| 6:33 | Wisp |
| 6:38 | Ancient of Lore |
| 6:48 | Ancient of Lore |
| 7:44 | Moon Well |
| 7:46 | Reinforced Hides |
| 8:07 | Staff of Preservation |
| 8:07 | Orb of Venom |
| 8:08 | Lesser Clarity Potion |
| 8:10 | Lesser Clarity Potion |
| 8:13 | Mountain Giant |
| 8:14 | Mountain Giant |
| 8:15 | Hardened Skin |
| 8:17 | Resistant Skin |
| 8:31 | Trueshot Aura |
| 9:03 | Assassin |
| 9:12 | Moon Well |
| 9:13 | Improved Reinforced Hides |
| 9:14 | Well Spring |
| 10:28 | Mountain Giant |
| 10:32 | Strength of the Wild |
| 10:42 | Scroll of Town Portal |
| 11:16 | Tree of Life |
| 11:29 | Improved Bows |
| 12:42 | Tree of Life |
| 12:43 | Tree of Life |
| 13:07 | Mountain Giant |
| 13:12 | Moon Well |
| 13:22 | Scroll of Town Portal |
| 14:38 | Scroll of Town Portal |
| 14:39 | Anti-magic Potion |
| 14:50 | Wisp |
| 14:51 | Wisp |
| 14:56 | Wisp |
| 15:16 | Wisp |
| 15:16 | Wisp |
| 15:43 | Searing Arrows |
| 16:13 | Force of Nature |
| 17:27 | Tree of Life |
| 17:50 | Mountain Giant |
| 17:59 | Scroll of Town Portal |
| 18:07 | Lesser Clarity Potion |
| 18:09 | Lesser Clarity Potion |
| 21:13 | Trueshot Aura |
| 21:31 | Entangling Roots |
| 21:38 | Moon Well |
| 21:38 | Moon Well |
| 21:39 | Moon Well |
| 22:22 | Searing Arrows |
| Right click | 914 |
| Select | 343 |
| Select group | 198 |
| Build/train/purchase | 120 |
| Use ability | 74 |
| Misc. action | 66 |
| Resource trade | 47 |
| Assign group | 17 |
| Minimap ping | 4 |
| Chat | 4 |
| Item give/drop | 3 |
| Remove unit | 1 |
185 units @ 24.8k
/ 3.8k
88 buildings @ 15k
/ 6.9k



| Orb of Venom | 3 | 975 |
| Lesser Clarity Potion | 3 | 210 |
| Staff of Preservation | 2 | 300 |
| Anti-magic Potion | 2 | 200 |
| Potion of Healing | 3 | 450 |
| Moonstone | 1 | 50 |
| Scroll of Town Portal | 3 | 1050 |
| total: | 17 | 3235g |
| Wisp | 20 | 1200 | / | 0 |
| Archer | 7 | 910 | / | 70 |
| Mountain Giant | 7 | 2450 | / | 700 |
| Goblin Shredder | 1 | 375 | / | 100 |
| Goblin Zeppelin | 1 | 240 | / | 60 |
| total: | 36 | 5175g | / | 930w |
| Ancient Protector | 2 | 270 | / | 160 |
| Altar of Elders | 1 | 180 | / | 50 |
| Moon Well | 9 | 1620 | / | 360 |
| Ancient of War | 1 | 150 | / | 60 |
| Tree of Life | 5 | 1700 | / | 925 |
| Hunter's Hall | 1 | 210 | / | 100 |
| Ancient of Wonders | 2 | 180 | / | 60 |
| Ancient of Lore | 2 | 310 | / | 290 |
| Tree of Ages | 1 | 320 | / | 180 |
| Tree of Eternity | 1 | 330 | / | 200 |
| total: | 23 | 4620g | / | 2005w |
| 0:03 | Wisp |
| 0:03 | Wisp |
| 0:07 | Altar of Elders |
| 0:19 | Moon Well |
| 0:20 | Wisp |
| 0:31 | Wisp |
| 0:41 | Ancient of War |
| 0:45 | Wisp |
| 1:03 | Wisp |
| 1:22 | Wisp |
| 1:23 | Wisp |
| 1:34 | Moon Well |
| 1:41 | Archer |
| 1:49 | Wisp |
| 1:50 | Wisp |
| 2:12 | Force of Nature |
| 2:34 | Wisp |
| 2:36 | Moon Well |
| 3:15 | Tree of Life |
| 3:19 | Entangling Roots |
| 3:22 | Tree of Life |
| 3:26 | Tree of Ages |
| 3:57 | Archer |
| 3:57 | Archer |
| 4:11 | Archer |
| 4:14 | Hunter's Hall |
| 4:43 | Archer |
| 5:02 | Goblin Shredder |
| 5:07 | Force of Nature |
| 5:48 | Tree of Eternity |
| 5:55 | Ancient of Wonders |
| 6:08 | Wisp |
| 6:09 | Wisp |
| 6:36 | Improved Bows |
| 6:38 | Wisp |
| 6:48 | Acid Bomb |
| 7:05 | Ancient Protector |
| 7:06 | Ancient of Lore |
| 7:07 | Ancient of Lore |
| 7:08 | Wisp |
| 7:09 | Wisp |
| 7:27 | Chemical Rage |
| 7:30 | Goblin Zeppelin |
| 7:45 | Strength of the Moon |
| 7:46 | Reinforced Hides |
| 7:48 | Moon Well |
| 7:53 | Ancient of Wonders |
| 8:23 | Mountain Giant |
| 8:24 | Hardened Skin |
| 8:30 | Orb of Venom |
| 8:34 | Lesser Clarity Potion |
| 8:42 | Archer |
| 8:44 | Marksmanship |
| 8:54 | Scroll of Town Portal |
| 9:05 | Resistant Skin |
| 9:09 | Well Spring |
| 9:09 | Ultravision |
| 10:52 | Mountain Giant |
| 10:52 | Mountain Giant |
| 10:57 | Orb of Venom |
| 10:58 | Scroll of Town Portal |
| 10:58 | Lesser Clarity Potion |
| 11:11 | Archer |
| 11:49 | Staff of Preservation |
| 11:58 | Trueshot Aura |
| 12:03 | Orb of Venom |
| 12:28 | Moon Well |
| 12:52 | Moon Well |
| 12:53 | Moon Well |
| 12:54 | Improved Reinforced Hides |
| 12:54 | Strength of the Wild |
| 12:59 | Entangling Roots |
| 13:08 | Nature's Blessing |
| 13:11 | Wisp |
| 13:21 | Scout |
| 13:52 | Mountain Giant |
| 14:26 | Tree of Life |
| 15:00 | Mountain Giant |
| 15:01 | Advanced Reinforced Hides |
| 15:04 | Abolish Magic |
| 15:05 | Druid of the Claw Adept Training |
| 15:07 | Moon Well |
| 15:09 | Ancient Protector |
| 15:22 | Moon Well |
| 16:18 | Anti-magic Potion |
| 16:32 | Mountain Giant |
| 16:34 | Druid of the Claw Master Training |
| 16:41 | Potion of Healing |
| 16:42 | Staff of Preservation |
| 17:33 | Wisp |
| 17:34 | Wisp |
| 17:35 | Wisp |
| 18:04 | Mountain Giant |
| 18:05 | Mark of the Claw |
| 18:08 | Tree of Life |
| 18:12 | Tree of Life |
| 18:32 | Lesser Clarity Potion |
| 18:32 | Moonstone |
| 18:34 | Scroll of Town Portal |
| 18:34 | Anti-magic Potion |
| 20:20 | Potion of Healing |
| 20:23 | Potion of Healing |
| Right click | 1488 |
| Select | 717 |
| Select group | 349 |
| Chat | 323 |
| Assign group | 157 |
| Build/train/purchase | 148 |
| Use ability | 98 |
| Minimap ping | 38 |
| Misc. action | 28 |
| Item give/drop | 9 |
| Remove unit | 6 |
| Resource trade | 4 |



| Staff of Preservation | 1 | 150 |
| Lesser Clarity Potion | 1 | 70 |
| Moonstone | 1 | 50 |
| Scroll of Town Portal | 2 | 700 |
| Boots of Speed | 1 | 250 |
| Potion of Lesser Invulnerability | 1 | 150 |
| total: | 7 | 1370g |
| Wisp | 31 | 1860 | / | 0 |
| Archer | 6 | 780 | / | 60 |
| Druid of the Claw | 3 | 765 | / | 240 |
| Chimaera | 6 | 1980 | / | 420 |
| Hippogryph | 1 | 160 | / | 20 |
| Goblin Shredder | 4 | 1500 | / | 400 |
| Forest Troll High Priest | 1 | 305 | / | 40 |
| total: | 52 | 7350g | / | 1180w |
| Ancient of War | 1 | 150 | / | 60 |
| Moon Well | 9 | 1620 | / | 360 |
| Altar of Elders | 1 | 180 | / | 50 |
| Tree of Life | 4 | 1360 | / | 740 |
| Hunter's Hall | 1 | 210 | / | 100 |
| Ancient of Wonders | 1 | 90 | / | 30 |
| Ancient of Lore | 1 | 155 | / | 145 |
| Ancient of Wind | 2 | 300 | / | 280 |
| Chimaera Roost | 2 | 280 | / | 380 |
| Tree of Ages | 1 | 320 | / | 180 |
| Tree of Eternity | 1 | 330 | / | 200 |
| total: | 22 | 4345g | / | 2145w |
| 0:01 | Wisp |
| 0:01 | Wisp |
| 0:16 | Ancient of War |
| 0:23 | Moon Well |
| 0:24 | Wisp |
| 0:30 | Wisp |
| 0:30 | Wisp |
| 0:46 | Wisp |
| 1:11 | Wisp |
| 1:12 | Altar of Elders |
| 1:16 | Moon Well |
| 1:22 | Archer |
| 1:22 | Archer |
| 1:22 | Archer |
| 1:22 | Archer |
| 1:24 | Wisp |
| 1:38 | Wisp |
| 1:42 | Archer |
| 1:53 | Wisp |
| 2:02 | Archer |
| 2:08 | Wisp |
| 2:14 | Wisp |
| 2:23 | Cleaving Attack |
| 2:31 | Wisp |
| 2:46 | Tree of Ages |
| 3:14 | Howl of Terror |
| 3:18 | Tree of Life |
| 3:47 | Moon Well |
| 4:26 | Hunter's Hall |
| 5:00 | Goblin Shredder |
| 5:00 | Goblin Shredder |
| 5:00 | Goblin Shredder |
| 5:00 | Goblin Shredder |
| 5:12 | Cleaving Attack |
| 5:27 | Breath of Fire |
| 5:31 | Ancient of Lore |
| 6:05 | Tree of Eternity |
| 6:29 | Moon Well |
| 6:31 | Wisp |
| 6:31 | Strength of the Wild |
| 6:49 | Drunken Haze |
| 7:02 | Druid of the Claw |
| 7:02 | Druid of the Claw Adept Training |
| 7:08 | Ancient of Wonders |
| 7:08 | Wisp |
| 7:09 | Wisp |
| 7:42 | Improved Strength of the Wild |
| 8:19 | Forest Troll High Priest |
| 8:22 | Druid of the Claw |
| 8:36 | Cluster Rockets |
| 8:38 | Chimaera Roost |
| 8:39 | Chimaera Roost |
| 8:42 | Moon Well |
| 8:43 | Moon Well |
| 8:44 | Moon Well |
| 8:45 | Moon Well |
| 8:59 | Druid of the Claw Master Training |
| 9:05 | Howl of Terror |
| 10:00 | Mark of the Claw |
| 10:20 | Advanced Strength of the Wild |
| 10:22 | Moon Well |
| 10:23 | Chimaera |
| 10:27 | Breath of Fire |
| 10:36 | Boots of Speed |
| 10:37 | Potion of Lesser Invulnerability |
| 11:05 | Engineering Upgrade |
| 11:18 | Chimaera |
| 11:19 | Corrosive Breath |
| 11:51 | Ancient of Wind |
| 11:52 | Ancient of Wind |
| 12:39 | Tree of Life |
| 12:49 | Chimaera |
| 12:50 | Druid of the Claw |
| 13:12 | Reinforced Hides |
| 13:23 | Scroll of Town Portal |
| 13:49 | Chimaera |
| 14:28 | Improved Reinforced Hides |
| 14:59 | Cluster Rockets |
| 15:08 | Well Spring |
| 15:10 | Staff of Preservation |
| 15:13 | Lesser Clarity Potion |
| 15:14 | Moonstone |
| 15:26 | Wisp |
| 15:39 | Advanced Reinforced Hides |
| 15:39 | Ultravision |
| 15:47 | Wisp |
| 16:28 | Tree of Life |
| 16:38 | Chimaera |
| 17:07 | Wisp |
| 17:35 | Tree of Life |
| 17:37 | Wisp |
| 17:45 | Drunken Haze |
| 18:35 | Cleaving Attack |
| 18:39 | Scroll of Town Portal |
| 18:45 | Wisp |
| 18:45 | Wisp |
| 18:45 | Wisp |
| 18:45 | Wisp |
| 18:45 | Wisp |
| 18:45 | Wisp |
| 21:09 | Chimaera |
| 21:41 | Hippogryph |
| 21:42 | Wisp |
| 21:42 | Wisp |
| 21:42 | Wisp |
| 21:42 | Wisp |
| 21:42 | Wisp |
| Select group | 1638 |
| Right click | 1298 |
| Chat | 697 |
| Select | 634 |
| Build/train/purchase | 125 |
| Assign group | 98 |
| Use ability | 55 |
| Minimap ping | 34 |
| Item give/drop | 15 |
| Resource trade | 12 |
| Misc. action | 8 |
| Esc | 5 |


| Healing Salve | 2 | 200 |
| Lesser Clarity Potion | 2 | 140 |
| Orb of Lightning | 1 | 375 |
| Potion of Mana | 2 | 400 |
| Scroll of Town Portal | 4 | 1400 |
| Scroll of Healing | 1 | 250 |
| Potion of Lesser Invulnerability | 1 | 150 |
| total: | 13 | 2915g |
| Peon | 19 | 1425 | / | 0 |
| Troll Headhunter | 9 | 1260 | / | 180 |
| Troll Witch Doctor | 13 | 1885 | / | 325 |
| Troll Berserker | 8 | 1120 | / | 160 |
| Troll Batrider | 8 | 1280 | / | 320 |
| total: | 57 | 6970g | / | 985w |
| Watch Tower | 2 | 220 | / | 160 |
| Orc Burrow | 5 | 800 | / | 200 |
| Altar of Storms | 1 | 180 | / | 50 |
| War Mill | 1 | 205 | / | 0 |
| Barracks | 2 | 360 | / | 100 |
| Voodoo Lounge | 1 | 130 | / | 30 |
| Great Hall | 2 | 770 | / | 370 |
| Spirit Lodge | 1 | 150 | / | 150 |
| Tauren Totem | 1 | 135 | / | 155 |
| Beastiary | 1 | 145 | / | 140 |
| Stronghold | 1 | 315 | / | 190 |
| Fortress | 1 | 325 | / | 190 |
| total: | 17 | 3095g | / | 1355w |
| 0:02 | Peon |
| 0:02 | Peon |
| 0:16 | Orc Burrow |
| 0:18 | Altar of Storms |
| 0:20 | Peon |
| 0:20 | Peon |
| 0:33 | Peon |
| 0:49 | Peon |
| 1:02 | Peon |
| 1:18 | War Mill |
| 1:23 | Peon |
| 1:33 | Barracks |
| 1:43 | Peon |
| 1:47 | Orc Burrow |
| 1:57 | Peon |
| 2:11 | Peon |
| 2:19 | Endurance Aura |
| 2:44 | Voodoo Lounge |
| 2:45 | Troll Headhunter |
| 2:51 | Troll Headhunter |
| 3:14 | Stronghold |
| 3:40 | Troll Headhunter |
| 3:41 | Troll Headhunter |
| 4:00 | War Stomp |
| 4:15 | Great Hall |
| 4:34 | Orc Burrow |
| 4:56 | Troll Headhunter |
| 5:36 | War Stomp |
| 5:54 | Peon |
| 5:54 | Peon |
| 5:58 | Spirit Lodge |
| 6:16 | Fortress |
| 6:34 | Troll Headhunter |
| 6:35 | Troll Regeneration |
| 7:03 | Healing Salve |
| 7:04 | Lesser Clarity Potion |
| 7:07 | Troll Headhunter |
| 7:22 | Tauren Totem |
| 7:23 | Witch Doctor Adept Training |
| 7:23 | Troll Witch Doctor |
| 7:24 | Peon |
| 7:25 | Peon |
| 7:25 | Peon |
| 7:25 | Peon |
| 7:44 | Barracks |
| 7:49 | Steel Ranged Weapons |
| 7:49 | Steel Armor |
| 7:55 | Healing Wave |
| 8:29 | Troll Witch Doctor |
| 8:31 | Troll Headhunter |
| 8:40 | Berserker Upgrade |
| 8:41 | Witch Doctor Master Training |
| 8:41 | Troll Witch Doctor |
| 8:41 | Troll Witch Doctor |
| 8:42 | Peon |
| 8:43 | Peon |
| 8:59 | Endurance Aura |
| 9:10 | Troll Headhunter |
| 9:14 | Thorium Ranged Weapons |
| 9:15 | Thorium Armor |
| 9:44 | Troll Berserker |
| 9:45 | Orc Burrow |
| 10:27 | Troll Berserker |
| 10:28 | Troll Witch Doctor |
| 10:31 | Orc Burrow |
| 10:32 | Reinforced Defenses |
| 10:39 | Healing Salve |
| 10:39 | Lesser Clarity Potion |
| 10:40 | Orb of Lightning |
| 10:53 | Scroll of Town Portal |
| 11:05 | Beastiary |
| 11:31 | Hex |
| 11:58 | Troll Witch Doctor |
| 11:58 | Troll Berserker |
| 12:00 | Arcanite Ranged Weapons |
| 13:16 | Troll Berserker |
| 13:17 | Troll Batrider |
| 13:17 | Troll Batrider |
| 13:18 | Troll Witch Doctor |
| 13:18 | Troll Witch Doctor |
| 13:34 | Scroll of Healing |
| 13:35 | Potion of Lesser Invulnerability |
| 14:41 | Troll Berserker |
| 14:42 | Troll Witch Doctor |
| 14:42 | Troll Witch Doctor |
| 14:42 | Troll Witch Doctor |
| 15:14 | Arcanite Armor |
| 15:14 | Spiked Barricades |
| 15:48 | Scroll of Town Portal |
| 16:30 | Troll Batrider |
| 16:31 | Troll Batrider |
| 16:31 | Troll Batrider |
| 16:31 | Troll Batrider |
| 16:47 | Healing Wave |
| 17:33 | Great Hall |
| 17:38 | Troll Berserker |
| 18:29 | War Stomp |
| 18:43 | Troll Berserker |
| 18:47 | Watch Tower |
| 18:51 | Watch Tower |
| 19:10 | Scroll of Town Portal |
| 20:13 | Troll Witch Doctor |
| 20:13 | Troll Witch Doctor |
| 20:16 | Troll Batrider |
| 20:16 | Troll Batrider |
| 21:17 | Scroll of Town Portal |
| 21:26 | Troll Berserker |
| 22:09 | Potion of Mana |
| 22:14 | Potion of Mana |
| Right click | 1617 |
| Select group | 1080 |
| Select | 467 |
| Build/train/purchase | 185 |
| Assign group | 182 |
| Chat | 179 |
| Misc. action | 122 |
| Use ability | 72 |
| Minimap ping | 22 |
| Item give/drop | 6 |
| Remove unit | 4 |
| Resource trade | 4 |
| Esc | 1 |


| Scroll of Regeneration | 2 | 200 |
| Lesser Clarity Potion | 1 | 70 |
| Potion of Healing | 1 | 150 |
| Scroll of Town Portal | 5 | 1750 |
| total: | 9 | 2170g |
| Peasant | 14 | 1050 | / | 0 |
| Rifleman | 14 | 2870 | / | 420 |
| Priest | 6 | 810 | / | 60 |
| Flying Machine | 6 | 600 | / | 180 |
| total: | 40 | 5330g | / | 660w |
| Scout Tower | 6 | 180 | / | 120 |
| Arcane Tower | 1 | 70 | / | 50 |
| Guard Tower | 6 | 420 | / | 300 |
| Blacksmith | 1 | 140 | / | 60 |
| Barracks | 1 | 160 | / | 60 |
| Altar of Kings | 1 | 180 | / | 50 |
| Farm | 10 | 800 | / | 200 |
| Lumber Mill | 1 | 120 | / | 0 |
| Arcane Vault | 1 | 130 | / | 30 |
| Town Hall | 2 | 770 | / | 410 |
| Arcane Sanctum | 1 | 150 | / | 140 |
| Workshop | 2 | 280 | / | 280 |
| Keep | 3 | 960 | / | 630 |
| Castle | 1 | 360 | / | 210 |
| total: | 26 | 2910g | / | 1350w |
| 0:02 | Peasant |
| 0:03 | Peasant |
| 0:12 | Peasant |
| 0:29 | Peasant |
| 0:38 | Blacksmith |
| 0:49 | Barracks |
| 0:52 | Altar of Kings |
| 0:54 | Peasant |
| 1:09 | Peasant |
| 1:20 | Farm |
| 1:29 | Peasant |
| 1:39 | Peasant |
| 1:47 | Farm |
| 2:04 | Rifleman |
| 2:22 | Rifleman |
| 2:25 | Farm |
| 2:28 | Scout Tower |
| 2:35 | Rifleman |
| 2:50 | Rifleman |
| 2:57 | Arcane Tower |
| 3:04 | Farm |
| 3:08 | Holy Light |
| 3:37 | Lumber Mill |
| 3:44 | Rifleman |
| 3:49 | Keep |
| 4:08 | Rifleman |
| 4:20 | Arcane Vault |
| 4:22 | Scout Tower |
| 4:58 | Divine Shield |
| 5:04 | Guard Tower |
| 5:10 | Farm |
| 5:19 | Rifleman |
| 6:15 | Rifleman |
| 6:28 | Farm |
| 6:32 | Arcane Sanctum |
| 6:38 | Scroll of Regeneration |
| 6:38 | Lesser Clarity Potion |
| 6:48 | Peasant |
| 6:49 | Peasant |
| 7:22 | Town Hall |
| 7:35 | Holy Light |
| 7:43 | Summon Water Elemental |
| 8:01 | Black Gunpowder |
| 8:02 | Studded Leather Armor |
| 8:25 | Priest |
| 8:25 | Priest Adept Training |
| 8:26 | Priest |
| 8:28 | Peasant |
| 8:49 | Farm |
| 8:51 | Peasant |
| 8:52 | Peasant |
| 9:08 | Long Rifles |
| 9:28 | Castle |
| 9:31 | Improved Lumber Harvesting |
| 9:54 | Brilliance Aura |
| 10:05 | Scroll of Town Portal |
| 10:07 | Potion of Healing |
| 10:11 | Rifleman |
| 10:23 | Scout Tower |
| 10:23 | Scout Tower |
| 10:24 | Scout Tower |
| 10:57 | Guard Tower |
| 11:03 | Improved Masonry |
| 11:10 | Rifleman |
| 11:13 | Peasant |
| 11:17 | Guard Tower |
| 11:25 | Workshop |
| 11:41 | Guard Tower |
| 11:43 | Scout Tower |
| 11:54 | Workshop |
| 12:33 | Guard Tower |
| 12:37 | Flying Machine |
| 12:38 | Flying Machine |
| 12:38 | Flying Machine |
| 12:56 | Scroll of Town Portal |
| 12:57 | Scroll of Regeneration |
| 12:59 | Priest |
| 12:59 | Priest |
| 13:02 | Priest Master Training |
| 13:08 | Flying Machine |
| 13:21 | Rifleman |
| 13:41 | Flying Machine |
| 13:43 | Flying Machine |
| 14:02 | Advanced Masonry |
| 14:08 | Rifleman |
| 14:49 | Farm |
| 14:51 | Farm |
| 15:21 | Farm |
| 15:38 | Scroll of Town Portal |
| 17:23 | Rifleman |
| 17:38 | Divine Shield |
| 17:42 | Summon Water Elemental |
| 18:09 | Rifleman |
| 18:11 | Refined Gunpowder |
| 18:21 | Priest |
| 18:21 | Priest |
| 18:54 | Town Hall |
| 20:26 | Scroll of Town Portal |
| 20:53 | Scroll of Town Portal |
| Right click | 1066 |
| Select group | 930 |
| Select | 524 |
| Build/train/purchase | 165 |
| Assign group | 113 |
| Misc. action | 108 |
| Chat | 59 |
| Use ability | 42 |
⇛